 Dungeon Crawl Stone Soup version 0.30-a0-634-g8abc85282e (webtiles) character file.

Game seed: 14735937512701389703

17 elagabalus the Cudgeller (level 2, 27/27 HPs)
             Began as an Armataur Monk on Jan 14, 2023.
             Quit the game on level 1 of the Dungeon.
             The game lasted 00:04:02 (513 turns).

elagabalus the Cudgeller (Armataur Monk)             Turns: 513, Time: 00:04:03

Health: 27/27      AC:  4    Str: 16    XL:     2   Next: 44%
Magic:  2/2        EV: 10    Int: 10    God:
Gold:   21         SH:  0    Dex: 12    Spells: 1/1 levels left

rFire   + . .      SeeInvis .    a - +0 mace
rCold   x . .      Faith    .    (no shield)
rNeg    . . .      Spirit   .    b - +0 robe
rPois   .          Reflect  .    (no helmet)
rElec   .          Harm     .    (no cloak)
rCorr   .          Roll     +    (no gloves)
Will    .....                    (no barding)
Stlth   ++                       (no amulet)
HPRegen 0.24/turn                d - ring of fire
MPRegen 0.08/turn                (no ring)

@: no status effects
A: large, rugged brown scales 3, deformed body, armoured tail, roll, long
tongue, awkward tongue
a: no special abilities


You were on level 1 of the Dungeon.
You visited 1 branch of the dungeon, and saw 1 of its levels.

You collected 21 gold pieces.

Inventory:

Hand Weapons
 a - a +0 mace (weapon)
Missiles
 j - 6 stones (quivered)
 k - 4 poisoned darts
Armour
 b - a +0 robe (worn)
Jewellery
 d - a ring of fire (left hand)
Scrolls
 e - a scroll of blinking {unknown}
 f - a scroll of enchant weapon {unknown}
 g - a scroll of acquirement {unknown}
 h - 2 scrolls of fear {unknown}
 m - a scroll of teleportation {unknown}
Potions
 c - a potion of ambrosia
 i - a potion of haste {unknown}
 l - a potion of flight {unknown}


   Skills:
 - Level 3.0 Fighting
 + Level 3.3 Maces & Flails
 - Level 2.1 Dodging
 - Level 2.1 Stealth


You had one spell level left.
You didn't know any spells.
Your spell library was empty.

Dungeon Overview and Level Annotations

Branches:
Dungeon (1/15)

Altars:


Innate Abilities, Weirdness & Mutations

You are completely covered in rugged brown scales. (AC +3, +7% HP)
Armour fits poorly on your strangely shaped body.
You have a long armoured tail.
You roll when moving toward enemies. (Rampage)
Your long tongue fully drains potion bottles. (2x potion effects)
Your tongue gives you trouble enunciating. (1.5x scroll delay)


Message History

You hit the bush.
The bush is moderately damaged.
You hit the bush but do no damage.
The bush is moderately damaged.
You hit the bush.
The bush is moderately damaged.
You hit the bush but do no damage.
The bush is moderately damaged.
You hit the bush but do no damage.
The bush is moderately damaged.
You hit the bush but do no damage.
The bush is moderately damaged.
You hit the bush but do no damage. You tail-slap the bush.
The bush is moderately damaged.
You hit the bush but do no damage.
The bush is moderately damaged.
You hit the bush but do no damage.
The bush is moderately damaged.
You hit the bush but do no damage.
The bush is moderately damaged.
You hit the bush but do no damage.
The bush is moderately damaged.
You hit the bush.
The bush is moderately damaged.
You hit the bush but do no damage.
The bush is moderately damaged.
You hit the bush but do no damage.
The bush is moderately damaged.
You hit the bush but do no damage. You tail-slap the bush.
The bush is moderately damaged.
You hit the bush but do no damage.
The bush is moderately damaged.
You hit the bush.
The bush is moderately damaged.
You hit the bush but do no damage.
You tail-slap the bush, but do no damage.
The bush is moderately damaged.
You hit the bush but do no damage.
The bush is moderately damaged.
Are you sure you want to abandon this character and quit the game? (Confirm with "yes".)

♣.♣.♣ ##.# ##.##.# #.##
..#.# #.#
##.#.#.########..# #.♣.♣
##.###.###.........##.#
....#
##.###..####....###.##>#
.##.###.## #♣..♣♣.###.#
#.##.# ...#...## #..P.P♣
#.# #.##.# ~P.#.###
#♣....♣ #.###.##.####
≈~.... ♣PP.♣♣♣
#............ ≈~..###
♣♣P.@.♣♣#.###########
~~.. ♣♣♣..♣.♣.# ~~..#
♣♣...♣♣.###### ~~..#
#.♣♣.♣#......# ~~..#
#.##.##.####.# ≈~..#
#.##....# #.# ≈~..#
#.#####.# #.# ~P..# #.#
#..# #.# ....# #.# ##.#
#.#


There were no monsters in sight!

Vanquished Creatures
  3 ball pythons (D:1)
  An endoplasm (D:1)
  A giant cockroach (D:1)
  2 goblins (D:1)
  4 hobgoblins (D:1)
  A bat (D:1)
  2 frilled lizards (D:1)
  A kobold (D:1)
  A rat (D:1)
16 creatures vanquished.

Notes
Turn   | Place    | Note
-------+----------+-------------------------------------------
     0 | D:1      | elagabalus the Armataur Monk began the quest for the Orb.
     0 | D:1      | Reached XP level 1. HP: 19/19 MP: 1/1
   128 | D:1      | Reached XP level 2. HP: 19/26 MP: 2/2
   513 | D:1      | Quit the game

Illustrated notes

Levels and vault maps discovered:
D:1:      giann_bridges, layout_loops_ring, serial_forest,
          infiniplex_forest_straight_2, infiniplex_forest_lined_corner,
          infiniplex_forest_lined_room_, infiniplex_forest_lined_2,
          infiniplex_forest_end_2, infiniplex_forest_corner_1,
          infiniplex_forest_corner_1, infiniplex_forest_diagonal

Skill      XL: |  1  2 |
---------------+-------+-----
Maces & Flails | 3 |  3.3
Fighting       | 3 |  3.0
Dodging        | |  2.1
Stealth        | |  2.1

Action                   || total
-------------------------++-------
Melee: Mace              ||    73
       Tailslap          ||     8
       Punch             ||     1
 Stab: Sleeping          ||     3
Armor: Robe              ||    18
Dodge: Dodged            ||    14

Table legend: (Time is in decaauts)
 A = Elapsed time spent in this place.
 B = Non-inter-level travel time spent in this place.
 C = Inter-level travel time spent in this place.
 D = Time resting spent in this place.
 E = Time spent auto-exploring this place.
 F = Levels seen in this place.
 G = Mean time per level.
                   A        B        C        D        E       F      G
               +--------+--------+--------+--------+--------+-----+--------+
         Total |    531 |    197 |    334 |      0 |      0 |   1 |  531.0 |
       Dungeon |    531 |    197 |    334 |      0 |      0 |   1 |  531.0 |
               +--------+--------+--------+--------+--------+-----+--------+

Top non-repeatable levels by time:
     D:1: 531 daAuts
